 Dungeon Crawl Stone Soup version 0.25.1-2-g60ff931df9 (webtiles) character file.

Game seed: 13673175038407932633

1761 roke1 the Conjurer (level 9, -21/59 HPs)
             Began as an Octopode Conjurer on Sept 27, 2020.
             Was a Believer of Sif Muna.
             Demolished by a shadow (32 damage)
             ... on level 6 of the Dungeon on Sept 28, 2020.
             The game lasted 00:20:05 (9373 turns).

roke1 the Conjurer (Octopode Conjurer)              Turns: 9373, Time: 00:20:06

Health: -21/59     AC:  1    Str: 14    XL:     9   Next: 7%
Magic:  15/16      EV: 16    Int: 20    God:    Sif Muna [**....]
Gold:   245        SH:  0    Dex: 18    Spells: 10/17 levels left

rFire    . . .     SeeInvis .   e - +5 mace
rCold    + . .     Gourm    .   (no shield)
rNeg     . . .     Faith    .   (helmet restricted)
rPois    +         Spirit   .   (no amulet)
rElec    .         Reflect  .   w - +6 ring of strength
rCorr    .         Harm     .   h - +6 ring of dexterity
MR       .....                  i - ring of protection from cold
Stlth    +++.......             p - ring of poison resistance
HPRegen  0.19/turn              (no ring)
MPRegen  0.15/turn              (no ring)
                                (no ring)
                                (no ring)

@: no status effects
A: almost no armour, stealthy swim, amphibious, 8 rings, constrict 8, camouflage
1, gelatinous body 1
a: Channel Magic, Renounce Religion


You were on level 6 of the Dungeon.
You worshipped Sif Muna.
Sif Muna was pleased with you.
You were hungry.

You visited 1 branch of the dungeon, and saw 6 of its levels.
You also visited: Sewer.

You collected 245 gold pieces.

Inventory:

Hand Weapons
 e - a +5 mace (weapon)
 m - a +0 dagger of speed
Jewellery
 h - a +6 ring of dexterity (right tentacle)
 i - a ring of protection from cold (on tentacle)
 l - an uncursed ring of wizardry {unknown}
 p - a ring of poison resistance (on tentacle)
 w - a +6 ring of strength (left tentacle)
Wands
 b - a wand of disintegration (18)
 v - a wand of digging (6)
Scrolls
 c - 3 scrolls of identify
 f - 6 scrolls of remove curse
 j - 2 scrolls of enchant armour
 r - a scroll of blinking {unknown}
 u - a scroll of teleportation {unknown}
Potions
 a - 3 potions of flight
 d - a potion of lignification {unknown}
 k - a potion of cancellation
 o - 2 potions of haste
 s - a potion of berserk rage
 t - 3 potions of brilliance
 x - 3 potions of heal wounds
Comestibles
 q - 6 rations


   Skills:
 + Level 4.4 Fighting
 + Level 5.0 Dodging
 - Level 2.6 Stealth
 + Level 4.7 Spellcasting
 * Level 7.8 Conjurations
 + Level 3.0 Hexes
 + Level 2.5 Invocations


You had 10 spell levels left.
You knew the following spells:

 Your Spells              Type           Power        Failure   Level  Hunger
a - Magic Dart            Conj           ####         1%          1    None
b - Searing Ray           Conj           #####.       1%          2    #......
c - Fulminant Prism       Conj/Hex       ####......   13%         4    ####...

Your spell library contained the following spells:

 Spells                   Type           Power        Failure   Level  Hunger
 Dazzling Flash           Conj/Hex       ####..       3%          3    ##.....
 Iskenderun's Mystic Bla  Conj/Tloc      ###.....     24%         4    ####...


Dungeon Overview and Level Annotations

Branches:
Dungeon (6/15)              Sewer (visited)
 Temple: D:4-7

Altars:
Cheibriados
Kikubaaqudgha
Makhleb
Qazlal
Ru
Sif Muna
Trog


Innate Abilities, Weirdness & Mutations

You cannot wear most types of armour.
You are very stealthy in the water. (Stealth+)
You are amphibious.
You can wear up to eight rings at the same time.
You can use your tentacles to constrict eight enemies at once.
Your skin changes colour to match your surroundings (Stealth+).
Your rubbery body absorbs attacks. (AC +1, EV +1)


Message History

Press: ? - help, Shift-Dir - straight line The magic dart hits something but does no damage.
The shadow strikes at you from the darkness!
Ouch! That really hurt!
Reactivating autopickup.
Press: ? - help, v - describe, . - travel
Here: a shadow The floor.
Unknown command.
Unknown command.
You hit the shadow. Your squeeze misses the shadow.
The shadow is lightly damaged.
The shadow hits you!
* * * LOW HITPOINT WARNING * * *
The shadow slips into darkness.
The shadow flickers and vanishes!
Deactivating autopickup; reactivate with Ctrl-A.
The shadow strikes at you from the darkness!
Ouch! That really hurt!
You die...

#.# #.# #.##.....# .⌠ #.# #.#
#........# #.# #.# #.##.....# ⌠
#.# #.#######.##.....# #.#
#..>......####.##..####### ##.#
###.#.###.# #...##......#. #..#
#.#.# #.# #...# #####... #.##
#.#.# #{# #..)# ###.# #.# #.#.#
#@# ##.## #.).# #.# ##.#.# #.#
#.# ###...# #.#
##.#..###.####.#####......
#.#####.###..........).)........
#......## ##....##########.)....
#######.###.##### ###...#
##.#..# ##.### ##.#.# #..#_#
#.#.###############.##'#


There were no monsters in sight!

Vanquished Creatures
  A hippogriff (D:6)
  An orc warrior (D:6)
  2 sky beasts (D:6)
  3 ogres
  A big kobold (Sewer)
  A bullfrog (D:6)
  A scorpion (D:4)
  A centaur zombie (D:6)
  2 crimson imps
  A gnoll shaman (D:6)
  2 hounds (D:6)
  4 orc priests
  2 iguanas
  5 orc wizards
  3 worker ants (D:4)
  10 adders
  7 gnolls
  A shadow imp (D:6)
  2 oozes
  An adder skeleton (D:6)
  4 worms
  2 dart slugs
  6 leopard geckos
  21 orcs
  2 ball pythons
  6 giant cockroaches
  6 goblins
  5 hobgoblins
  11 jackals
  5 quokkas
  2 ball python skeletons (D:5)
  8 bats
  2 frilled lizards
  A jackal zombie (D:4)
  14 kobolds
  16 rats
162 creatures vanquished.

Notes
Turn   | Place    | Note
-------+----------+-------------------------------------------
     0 | D:1      | roke1 the Octopode Conjurer began the quest for the Orb.
     0 | D:1      | Reached XP level 1. HP: 11/11 MP: 3/3
   274 | D:1      | Reached XP level 2. HP: 18/18 MP: 5/5
  1064 | D:1      | Learned a level 2 spell: Searing Ray
  1143 | D:1      | Reached XP level 3. HP: 12/22 MP: 1/6
  1336 | D:2      | Reached skill level 1 in Fighting
  1455 | D:2      | You fall into a shaft and drop 2 floors!
  1577 | D:3      | Noticed an ogre
  1754 | D:4      | Reached XP level 4. HP: 14/28 MP: 1/7
  2201 | D:4      | Reached skill level 5 in Conjurations
  2201 | D:4      | Reached XP level 5. HP: 24/34 MP: 1/9
  3024 | D:3      | Killed an ogre
  3024 | D:3      | Reached XP level 6. HP: 22/41 MP: 1/10
  3772 | D:2      | Found a sacrificial altar of Ru.
  4860 | D:3      | Found a stormy altar of Qazlal.
  5149 | D:3      | Found a shimmering blue altar of Sif Muna.
  5174 | D:3      | Reached XP level 7. HP: 45/45 MP: 8/12
  5201 | D:3      | Became a worshipper of Sif Muna the Loreminder
  5404 | D:4      | Reached skill level 6 in Conjurations
  6020 | D:5      | Entered Level 5 of the Dungeon
  6109 | D:5      | Learned a level 4 spell: Fulminant Prism
  6129 | D:5      | Found a glowing drain.
  6148 | Sewer    | Entered a sewer
  6392 | Sewer    | Found a white marble altar of Elyvilon.
  6483 | D:5      | Reached skill level 1 in Hexes
  6561 | D:5      | Reached * piety under Sif Muna
  7464 | D:5      | Reached XP level 8. HP: 52/52 MP: 7/13
  7823 | D:6      | Found a bloodstained altar of Trog.
  7823 | D:6      | Found a burning altar of Makhleb.
  8031 | D:6      | Reached skill level 7 in Conjurations
  8092 | D:6      | Reached skill level 1 in Invocations
  8094 | D:6      | Noticed a hippogriff
  8362 | D:6      | Found an ancient bone altar of Kikubaaqudgha.
  8648 | D:6      | Killed a hippogriff
  8766 | D:6      | Reached ** piety under Sif Muna
  8891 | D:6      | Noticed a shadow
  8908 | D:6      | Reached XP level 9. HP: 39/59 MP: 3/15
  8909 | D:6      | Reached skill level 5 in Dodging
  9309 | D:6      | Found a snail-covered altar of Cheibriados.
  9373 | D:6      | Demolished by a shadow

Illustrated notes

Levels and vault maps discovered:
D:1:      lightli_arrival_isolated_outpost, layout_loops_ring
D:2:      layout_basic, first_ration, nicolae_ru_sacrificial_ziggurat
D:3:      layout_rooms, overflow_temple_1_default, lemuel_coloured_pillars_altar
D:4:      minmay_inner_zag, layout_basic
D:5:      layout_basic, gup_sewer_entry_pipe
D:6:      layout_loops_ring, nicolae_overflow_hidden_temple, kennysheep_mini,
          temple_doors_ab

Skill      XL: |  1  2  3  4  5  6  7  8  9 |
---------------+----------------------------+-----
Fighting       | 1 2 3 4 |  4.4
Dodging        | 3 4 5 |  5.0
Conjurations   | 5 6 7 |  7.8
Spellcasting   | 3 4 |  4.7
Hexes          | 1 2 3 |  3.0
Invocations    | 2 |  2.5
Stealth        | |  2.6

Action                   |  1- 3 |  4- 6 |  7- 9 || total
-------------------------+-------+-------+-------++-------
Melee: Mace              |    34 |    31 |    38 ||   103
       Constrict         |     7 |     6 |     8 ||    21
       Tentacles         |     3 |     3 |     9 ||    15
 Cast: Magic Dart        |    57 |   139 |   159 ||   355
       Searing Ray       |       |    10 |    26 ||    36
  Use: Potion            |       |     3 |       ||     3
       Scroll            |       |     5 |     8 ||    13
 Stab: Sleeping          |     2 |     4 |     2 ||     8
  Eat: Chunk             |     3 |     8 |     9 ||    20
       Ration            |       |     1 |     1 ||     2
Armor: Skin              |     3 |     5 |     5 ||    13
Dodge: Dodged            |    24 |    56 |    66 ||   146
